 Dungeon Crawl Stone Soup version 0.30-a0-1114-gd936c97349 (webtiles) character file.

Game seed: 8872868240169104379

711 themarg the Firebug (level 7, -15/52 HPs)
             Began as a Demonspawn Cinder Acolyte on Apr 20, 2023.
             Was a High Priest of Ignis.
             Demolished by a two-headed ogre
             ... wielding a +0 giant club
              (16 damage)
             ... on level 5 of the Dungeon.
             The game lasted 00:11:56 (3100 turns).

themarg the Firebug (Demonspawn Cinder Acolyte)     Turns: 3100, Time: 00:11:57

Health: -15/52     AC:  3    Str: 14    XL:     7   Next: 40%
Magic:  8/13       EV: 16    Int: 17    God:    Ignis [*****.]
Gold:   87         SH:  5    Dex: 15    Spells: 12/14 levels left

rFire   + . .      SeeInvis .    e - +2 short sword (venom)
rCold   . . .      Faith    .    (no shield)
rNeg    . . .      Spirit   .    b - +0 robe
rPois   .          Reflect  +    (helmet restricted)
rElec   .          Rampage  .    y - +0 cloak
rCorr   +                        (no gloves)
Will    .....                    (no boots)
Stlth   ++                       k - amulet of reflection
HPRegen 0.28/turn                i - +6 ring of dexterity
MPRegen 0.26/turn                l - ring of resist corrosion

@: agile
A: antennae 1, powered by pain 2, magic regeneration
a: Renounce Religion, Fiery Armour, Foxfire Swarm, Rising Flame


You were on level 5 of the Dungeon.
You worshipped Ignis.
Ignis was extremely pleased with you.
You visited 1 branch of the dungeon, and saw 5 of its levels.

You collected 171 gold pieces.
You spent 84 gold pieces at shops.

Inventory:

Hand Weapons
 a - a -1 mace of flaming
 e - a +2 short sword of venom (weapon)
 q - the +4 sling "Eckotwui" {flame, Dex+3 Stlth+}
   (You found it on level 3 of the Dungeon)

   Dex:       It affects your dexterity (+3).
   Stlth:     It makes you more stealthy.
Missiles
 d - 21 stones (quivered)
Armour
 b - a +0 robe (worn)
 y - a +0 cloak (worn)
Jewellery
 g - a ring of protection from fire
 h - a ring of protection from fire
 i - a +6 ring of dexterity (left hand)
 k - an amulet of reflection (around neck)
 l - a ring of resist corrosion (right hand)
Wands
 r - a wand of paralysis (3)
 z - a wand of roots (12)
Scrolls
 c - a scroll of magic mapping
 o - 2 scrolls of poison
 s - 3 scrolls of teleportation
 u - a scroll of brand weapon {unknown}
 w - a scroll of summoning {unknown}
 x - 2 scrolls of fog
 A - a scroll of enchant armour {unknown}
Potions
 f - a potion of attraction {unknown}
 j - a potion of heal wounds {unknown}
 p - 3 potions of mutation
 t - a potion of might {unknown}
 v - a potion of magic {unknown}


   Skills:
 - Level 3.0 Fighting
 - Level 2.6 Maces & Flails
 - Level 3.0 Stealth
 + Level 4.3 Spellcasting
 - Level 6.0 Fire Magic


You had 12 spell levels left.
You knew the following spells:

 Your Spells              Type           Power      Damage    Failure   Level
a - Scorch                Fire           48%        2d7       1%          2

Your spell library contained the following spells:

 Spells                   Type           Power      Damage    Failure   Level


Dungeon Overview and Level Annotations

Branches:
Dungeon (5/15)
 Temple: D:4-7

Altars:
Okawaru

Shops:
D:3 (   D:4 *


Innate Abilities, Weirdness & Mutations

You have a pair of small antennae on your head.
You sometimes gain power by taking damage.
You regenerate magic rapidly.


Message History

You open the door.
There is an open door here.
o - 2 scrolls of poison (gained 1)
A two-headed ogre comes into view. It is wielding two +0 giant clubs.
The two-headed ogre shouts in stereo!
Throw: 2 darts (poison)
Press: ? - help, Q - select action, (/) - cycle Shift-Dir - straight line, f - two-headed ogre
Aim: a two-headed ogre, wielding two +0 giant clubs (74% to hit)
You throw a poisoned dart.
The poisoned dart barely misses the two-headed ogre.
Throw: dart (poison)
Press: ? - help, Q - select action, (/) - cycle Shift-Dir - straight line, f/p - two-headed ogre
Aim: a two-headed ogre, wielding two +0 giant clubs (74% to hit)
You throw a poisoned dart.
The poisoned dart hits the two-headed ogre.
Throw: 22 stones
Press: ? - help, Q - select action, (/) - cycle Shift-Dir - straight line, f/p - two-headed ogre
Aim: a two-headed ogre, wielding two +0 giant clubs (74% to hit)
You throw a stone.
The stone hits the two-headed ogre but does no damage.
Flames lash the two-headed ogre.
The two-headed ogre is lightly wounded.
The two-headed ogre's fire resistance burns away.
The two-headed ogre barely misses you.
The two-headed ogre hits you with a +0 giant club!
You focus on the pain.
You feel your power returning.
Flames lash the two-headed ogre.
The two-headed ogre is burned terribly!
The two-headed ogre is heavily wounded.
Flames lash the two-headed ogre.
The two-headed ogre is burned terribly!
The two-headed ogre is severely wounded.
The two-headed ogre barely misses you.
The two-headed ogre hits you with a +0 giant club!!
Flames lash the two-headed ogre.
The two-headed ogre is burned terribly!
The two-headed ogre is almost dead.
The two-headed ogre hits you with a +0 giant club!!
* * * LOW HITPOINT WARNING * * *
You focus on the pain.
You feel agile all of a sudden.
The two-headed ogre hits you with a +0 giant club!
You die...

## ... ##...#. #... ..
....... #.#. .. ........
.# #.#. . . ........#.#
#.#. .. .#........#.#
#.#. ... #
#.......(.#.###.#.
#...#.#.O.(.....#.....#.
#.....#@########.......#
................).....>.
#.......#....###'##.#...
###.##.......##.........
# #.......##...#.##.#
.......####...#.....
........# #...####.#
.....#### ##### #.#
......# .#


You could see a two-headed ogre (combustible).

Vanquished Creatures
  An ogre (D:4)
  A phantom (D:4)
  3 killer bees (D:4)
  A hound (D:4)
  A jelly (D:4)
  A gnoll bouda (D:4)
  An iguana (D:4)
  Crazy Yiuf (D:3)
  2 sleepcaps
  6 gnolls
  8 adders
  A worm (D:2)
  3 dart slugs
  10 orcs (D:3)
  7 endoplasms
  3 giant cockroaches
  4 goblins
  8 hobgoblins
  9 kobolds
  4 quokkas
  5 ball pythons
  4 bats
  4 rats
88 creatures vanquished.

Notes
Turn   | Place    | Note
-------+----------+-------------------------------------------
     0 | D:1      | themarg the Demonspawn Cinder Acolyte began the quest for
                  | the Orb.
     0 | D:1      | Reached XP level 1. HP: 18/18 MP: 2/2
   207 | D:1      | Gained mutation: You sometimes gain a little power by
                  | taking damage. [demonic ancestry]
   207 | D:1      | Reached XP level 2. HP: 24/24 MP: 4/4
   249 | D:1      | Learned a level 2 spell: Scorch
   321 | D:1      | Reached skill level 1 in Stealth
   374 | D:1      | Reached skill level 3 in Fire Magic
   649 | D:2      | Gained mutation: You regenerate magic rapidly. [demonic
                  | ancestry]
   649 | D:2      | Reached XP level 3. HP: 25/29 MP: 0/5
   918 | D:2      | Found an iron altar of Okawaru.
   966 | D:2      | Reached XP level 4. HP: 34/35 MP: 2/7
  1501 | D:3      | Identified the +4 sling "Eckotwui" {flame, Dex+3 Stlth+}
  1517 | D:3      | Paralysed by an orc for 2 turns
  1612 | D:3      | Reached skill level 4 in Fire Magic
  1612 | D:3      | Reached XP level 5. HP: 41/41 MP: 0/8
  1756 | D:3      | Found a faded altar of an unknown god.
  1909 | D:3      | Found Rach's Antique Weapon Boutique.
  2089 | D:3      | Found a runed translucent door.
  2090 | D:3      | Noticed Crazy Yiuf
  2095 | D:3      | Killed Crazy Yiuf
  2255 | D:4      | Noticed an ogre
  2262 | D:4      | Killed an ogre
  2263 | D:4      | Reached skill level 5 in Fire Magic
  2263 | D:4      | Gained mutation: You sometimes gain power by taking damage.
                  | [demonic ancestry]
  2263 | D:4      | Reached XP level 6. HP: 47/47 MP: 2/9
  2496 | D:4      | Found Wewemec's General Store.
  2498 | D:4      | Reached skill level 6 in Fire Magic
  2616 | D:4      | Bought a scroll of fog for 48 gold pieces
  2616 | D:4      | Bought a scroll of teleportation for 36 gold pieces
  2732 | D:4      | Gained mutation: You have a pair of small antennae on your
                  | head. [demonic ancestry]
  2732 | D:4      | Reached XP level 7. HP: 40/52 MP: 1/11
  3023 | D:5      | Entered Level 5 of the Dungeon
  3093 | D:5      | Noticed a two-headed ogre
  3100 | D:5      | HP: 1/52 [two-headed ogre/+0 giant club (19)]
  3100 | D:5      | Demolished by a two-headed ogre

Illustrated notes

Levels and vault maps discovered:
D:1:      mrwooster_arrival_statue, layout_basic, minmay_misc_feat_square
D:2:      layout_rooms, basic_altar, grunt_ministairs_6
D:3:      layout_rooms, serial_shops, shop_statue,
          ebering_ecumenical_altar_sacrificial, uniq_crazy_yiuf_cottage
D:4:      minmay_evil_eye, layout_rooms, serial_shops,
          nicolae_shop_tiny_real_fake_doors
D:5:      layout_basic, amcnicky_altar_gilded, lightli_corner_chamber

Skill      XL: |  1  2  3  4  5  6  7 |
---------------+----------------------+-----
Stealth        | 1 2 3 |  3.0
Fire Magic     | 3 4 5 6 |  6.0
Spellcasting   | 2 4 |  4.3
Fighting       | |  3.0
Maces & Flails | |  2.6

Action                     |  1- 3 |  4- 6 |  7- 9 || total
---------------------------+-------+-------+-------++-------
  Melee: Mace              |    24 |       |       ||    24
         Short sword       |    20 |    24 |    23 ||    67
  Throw: Dart              |       |     2 |     2 ||     4
         Stone             |       |     1 |     1 ||     2
   Cast: Scorch            |    24 |    74 |     9 ||   107
 Invoke: Fiery Armour      |     2 |     1 |       ||     3
    Use: Scroll            |       |     3 |       ||     3
         Potion            |       |       |     1 ||     1
 Armour: Robe              |     6 |     6 |     9 ||    21
  Dodge: Dodged            |    29 |    23 |    18 ||    70
  Block: Other             |     5 |     7 |     5 ||    17

Table legend: (Time is in decaauts)
 A = Elapsed time spent in this place.
 B = Non-inter-level travel time spent in this place.
 C = Inter-level travel time spent in this place.
 D = Time resting spent in this place.
 E = Time spent auto-exploring this place.
 F = Levels seen in this place.
 G = Mean time per level.
                   A        B        C        D        E       F      G
               +--------+--------+--------+--------+--------+-----+--------+
         Total |   3105 |   2943 |    162 |    155 |   2027 |   5 |  621.0 |
       Dungeon |   3105 |   2943 |    162 |    155 |   2027 |   5 |  621.0 |
               +--------+--------+--------+--------+--------+-----+--------+

Top non-repeatable levels by time:
     D:4: 856 daAuts
     D:2: 769 daAuts
     D:3: 756 daAuts
     D:1: 645 daAuts
     D:5: 76 daAuts
